 Dungeon Crawl Stone Soup version 0.31-a0-325-g067879e3d3 (webtiles) character file.

Game seed: 10108568198006856430

599 Dittersdorf the Shield-Bearer (level 7, -1/44 HPs)
             Began as a Gargoyle Fighter on July 18, 2023.
             Slain by a centaur (5 damage)
             ... on level 5 of the Dungeon.
             The game lasted 00:06:23 (4610 turns).

Dittersdorf the Shield-Bearer (Gargoyle Fighter)    Turns: 4610, Time: 00:06:24

Health: -1/44      AC: 14    Str: 22    XL:     7   Next: 41%
Magic:  7/7        EV:  9    Int:  8    God:
Gold:   197        SH:  4    Dex:  9    Spells: 6/6 levels left

rFire   + . .        a - +1 flail
rCold   + . .        c - +0 buckler
rNeg    + . .        b - +0 scale mail
rPois   ∞            (no helmet)
rElec   +            l - +1 cloak
rCorr   .            (no gloves)
SInv    .            (no boots)
Will    .....        (no amulet) Stlth
                     h - ring of protection from cold
HPRegen 0.27/turn    o - ring of protection from fire
MPRegen 0.10/turn

%: no passive effects
@: no status effects
A: sickness immunity, AC +4, negative energy resistance 1, electricity
resistance, torment resistance 1, petrification resistance
a: no special abilities


You were on level 5 of the Dungeon.
You visited 1 branch of the dungeon, and saw 5 of its levels.
You also visited: Ossuary.

You collected 197 gold pieces.

Inventory:

Hand Weapons
 a - a +1 flail (weapon)
Armour
 b - a +0 scale mail (worn)
 c - a +0 buckler (worn)
 l - a +1 cloak (worn)
Jewellery
 h - a ring of protection from cold (left hand)
 k - a ring of magical power
 m - a ring of see invisible
 o - a ring of protection from fire (right hand)
 r - a ring of wizardry
Scrolls
 f - a scroll of identify
 g - 2 scrolls of teleportation
 i - a scroll of poison
 j - 2 scrolls of blinking
 t - a scroll of revelation
Potions
 d - 3 potions of might
 e - 6 potions of curing
 n - 2 potions of resistance
 p - a potion of brilliance
 q - a potion of haste
 s - 2 potions of ambrosia
 u - a potion of invisibility


   Skills:
 + Level 5.3 Fighting
 + Level 4.2 Maces & Flails
 + Level 5.2 Armour
 + Level 5.4 Shields


You had 6 spell levels left.
You didn't know any spells.
Your spell library contained the following spells:

 Spells                   Type           Power      Damage    Failure   Level
 Freeze                   Ice            0%         1d3       78%         1
 Frozen Ramparts          Ice            0%         1d1       98%         3
 Hailstorm                Conj/Ice       0%         3d3       98%         3


Dungeon Overview and Level Annotations

Branches:
Dungeon (5/15)            Ossuary (visited)
 Temple: D:4-7

Altars:
Ashenzari
Kikubaaqudgha
Uskayaw
Wu Jian


Innate Abilities, Weirdness & Mutations

You are immune to sickness and miasma.
Your stone body is resilient. (AC +4)
You are immune to poison.
You resist negative energy. (rN+)
You are resistant to electric shocks. (rElec)
You are resistant to unholy torment.
You are immune to petrification.


Message History

The jelly attacks as you move away! The jelly barely misses you.
The jelly attacks as you move away! The jelly hits you but does no damage.
The jelly attacks as you move away! The jelly closely misses you.
The centaur shoots an arrow.
You block the arrow. The jelly attacks as you move away!
The jelly hits you but does no damage.
The howler monkey hoots and howls with incredible vigour!
You hear an angry hiss.
You hear a shout!
You hear an angry growl.
The jelly attacks as you move away! The jelly closely misses you.
The jelly attacks as you move away! The jelly hits you but does no damage.
The howler monkey hoots and howls with incredible vigour!
You hear an angry hiss.
You hear an angry growl.
You hear a shout! x2
The howler monkey hoots and howls with incredible vigour!
You hear a shout! x2
The jelly attacks as you move away! The jelly hits you but does no damage.
The centaur shoots an arrow.
The arrow barely misses you.
The howler monkey hoots and howls with incredible vigour!
You hear a shout!
The centaur shoots an arrow.
The arrow hits you.
The howler monkey hoots and howls with incredible vigour!
You hear a shout!
The jelly attacks as you move away! The jelly hits you.
You are splashed with acid!
* * * LOW HITPOINT WARNING * * *
The jelly attacks as you move away! The jelly hits you but does no damage.
The centaur shoots an arrow.
You block the arrow. The jelly attacks as you move away!
The jelly hits you but does no damage.
The centaur shoots an arrow.
You block the arrow.
The howler monkey hoots and howls with incredible vigour!
The centaur shoots an arrow.
The arrow hits you.
* * * LOW HITPOINT WARNING * * *
The jelly attacks as you move away! The jelly barely misses you.
The howler monkey hoots and howls with incredible vigour!
You hear an angry hiss.
You hear a shout! x2
The centaur shoots an arrow.
The arrow hits you.
* * * LOW HITPOINT WARNING * * *
There is a stone staircase leading up here.
The howler monkey hoots and howls with incredible vigour!
The jelly barely misses you.
The centaur unwields a +0 shortbow.
The centaur hits you.
You die...

###### #....#
##....####.
##..........
#...@......#
##.cJ.......
##...........
####......#....#
##.#.##....#....#
#......##........
##...#..#.h##.....
#.......#..#.......
###.........# .....


You could see a centaur, a howler monkey and a jelly.

Vanquished Creatures
  An ogre (D:4)
  An elf zombie (Ossuary)
  A scorpion (D:4)
  A bullfrog (D:4)
  A gnoll bouda (D:2)
  Natasha (thrice) (D:4)
  4 mummies (Ossuary)
  An adder (D:3)
  4 gnolls
  3 ufetubi (D:4)
  A worm zombie (D:4)
  4 adder zombies (Ossuary)
  4 worms
  A dart slug (D:4)
  5 orcs
  5 ball pythons
  2 bats
  5 endoplasms
  3 giant cockroaches
  2 gnoll zombies (Ossuary)
  11 goblins
  5 hobgoblins
  5 quokkas
  2 frilled lizards
  2 goblin zombies (Ossuary)
  2 hobgoblin zombies (Ossuary)
  A jackal zombie (Ossuary)
  9 kobolds
  2 rats
  A rat zombie (D:4)
92 creatures vanquished.

Vanquished Creatures (others)
  A human (D:4)
1 creature vanquished.

Grand Total: 93 creatures vanquished

Notes
Turn   | Place    | Note
-------+----------+-------------------------------------------
     0 | D:1      | Dittersdorf the Gargoyle Fighter began the quest for the
                  | Orb.
     0 | D:1      | Reached XP level 1. HP: 14/14 MP: 1/1
   196 | D:1      | Reached XP level 2. HP: 15/19 MP: 2/2
   272 | D:1      | Found a faded altar of an unknown god.
   907 | D:2      | Reached XP level 3. HP: 21/23 MP: 3/3
  1200 | D:2      | Found an ornate altar of the Wu Jian Council.
  1819 | D:2      | Reached XP level 4. HP: 8/29 MP: 4/4
  1921 | D:3      | Reached XP level 5. HP: 33/33 MP: 5/5
  2019 | D:3      | Found a hide-covered altar of Uskayaw.
  2771 | D:4      | Found a broken altar of Ashenzari.
  2798 | D:4      | Found a sand-covered staircase.
  2805 | Ossuary  | Entered an ossuary
  2822 | Ossuary  | Reached XP level 6. HP: 33/39 MP: 6/6
  3628 | D:4      | Noticed Natasha
  3654 | D:4      | Killed Natasha
  3726 | D:4      | Noticed Natasha
  3737 | D:4      | Killed Natasha
  3738 | D:4      | Reached skill level 5 in Fighting
  3738 | D:4      | Reached skill level 5 in Shields
  3897 | D:4      | Noticed Natasha
  3906 | D:4      | Reached skill level 5 in Armour
  3906 | D:4      | Reached XP level 7. HP: 41/44 MP: 7/7
  3912 | D:4      | Killed Natasha
  4179 | D:4      | Found an ancient bone altar of Kikubaaqudgha.
  4180 | D:4      | Noticed a human
  4190 | D:4      | Killed a human
  4519 | D:5      | Entered Level 5 of the Dungeon
  4610 | D:5      | Slain by a centaur

Illustrated notes

Levels and vault maps discovered:
D:1:      dpeg_arrival_rooms_c, layout_loops_cross,
          shapermc_ecumenical_altar_pompeii
D:2:      layout_loops_ring, basic_altar
D:3:      layout_basic, lemuel_crystal_altar
D:4:      layout_loops_ring, lemuel_tele_altar, tgw_kikubaaqudgha,
          enter_ossuary_3, uniq_natasha
D:5:      layout_cave_pools, kennysheep_cross_bottleneck,
          nicolae_shop_dragon_depot, palyth_stone_intersect

Skill      XL: |  1  2  3  4  5  6 |
---------------+-------------------+-----
Fighting       | 4 5 |  5.3
Shields        | 4 5 |  5.4
Armour         | 4 5 |  5.2
Maces & Flails | 3 4 |  4.2

Action                     |  1- 3 |  4- 6 |  7- 9 || total
---------------------------+-------+-------+-------++-------
  Melee: Flail             |   135 |   184 |    57 ||   376
    Use: Scroll            |       |    12 |     4 ||    16
 Armour: Scale mail        |    62 |    75 |    50 ||   187
  Dodge: Dodged            |    55 |    82 |    39 ||   176
  Block: Buckler           |    28 |    42 |     9 ||    79

Table legend: (Time is in decaauts)
 A = Elapsed time spent in this place.
 B = Non-inter-level travel time spent in this place.
 C = Inter-level travel time spent in this place.
 D = Time resting spent in this place.
 E = Time spent auto-exploring this place.
 F = Levels seen in this place.
 G = Mean time per level.
                   A        B        C        D        E       F      G
               +--------+--------+--------+--------+--------+-----+--------+
         Total |   4723 |   4511 |    212 |    777 |   2735 |   6 |  787.2 |
       Dungeon |   3923 |   3711 |    212 |    285 |   2635 |   5 |  784.6 |
       Ossuary |    800 |    800 |      0 |    492 |    100 |   1 |  800.0 |
               +--------+--------+--------+--------+--------+-----+--------+

Top non-repeatable levels by time:
     D:2: 1133 daAuts
     D:4: 1031 daAuts
     D:3: 871 daAuts
 Ossuary: 800 daAuts
     D:1: 795 daAuts
     D:5: 91 daAuts
